 Dungeon Crawl Stone Soup version 0.29.1-12-g30fa7ad0bf (webtiles) character file.

Game seed: 7200436850921033531

1726 cheesebisquit the Cleaver (level 8, -12/66 HPs)
             Began as a Minotaur Berserker on Jan 3, 2023.
             Was a Priest of Trog.
             Mangled by an orc warrior
             ... wielding a +0 glaive
              (16 damage)
             ... on level 7 of the Dungeon.
             The game lasted 00:25:48 (5940 turns).

cheesebisquit the Cleaver (Minotaur Berserker)      Turns: 5940, Time: 00:25:48

Health: -12/66     AC: 11    Str: 25    XL:     8   Next: 75%
Magic:  7/7        EV:  7    Int:  4    God:    Trog [***...]
Gold:   305        SH:  0    Dex:  9    Spells: 7/7 levels left

rFire   . . .      SeeInvis .   C - +4 war axe
rCold   . . .      Faith    .   (no shield)
rNeg    . . .      Spirit   .   c - +0 plate armour
rPois   .          Reflect  .   (helmet restricted)
rElec   .          Harm     .   (no cloak)
rCorr   .          Rampage  .   (no gloves)
Will    ++...                   (no boots)
Stlth   ..........              (no amulet)
HPRegen 1.21/turn               (no ring)
MPRegen 0.10/turn               (no ring)

@: weakened, strong-willed, on berserk cooldown, regenerating, slowed, very slow
A: horns 2, retaliatory headbutt
a: Renounce Religion, Berserk, Trog's Hand


You were on level 7 of the Dungeon.
You worshipped Trog.
Trog was most pleased with you.
You visited 1 branch of the dungeon, and saw 7 of its levels.

You collected 305 gold pieces.

Inventory:

Hand Weapons
 b - a +0 sling
 l - a +0 vorpal mace
 C - a +4 war axe (weapon)
Missiles
 j - 25 poisoned darts (quivered)
 D - 2 throwing nets
Armour
 c - a +0 plate armour (worn)
Wands
 a - a wand of iceblast (12)
 t - a wand of paralysis (2)
 x - a wand of flame (16)
Scrolls
 e - a scroll of amnesia {unknown}
 f - a scroll of identify
 n - 2 scrolls of enchant armour {unknown}
 r - 5 scrolls of blinking
 s - a scroll of summoning
 v - 2 scrolls of magic mapping
 w - a scroll of poison {unknown}
 y - a scroll of enchant weapon {unknown}
 E - a scroll of fear {unknown}
 F - a scroll of butterflies {unknown}
 H - 2 scrolls of teleportation {unknown}
Potions
 d - 5 potions of flight
 h - a potion of cancellation
 i - 2 potions of heal wounds
 m - 2 potions of invisibility
 o - a potion of mutation {unknown}
 q - 4 potions of might
 u - 3 potions of curing
 z - a potion of attraction {unknown}
 A - 2 potions of resistance {unknown}
 B - 2 potions of magic {unknown}
 G - a potion of lignification {unknown}


   Skills:
 - Level 3.8 Fighting
 + Level 13.5 Axes
 - Level 2.7 Armour
 - Level 2.4 Dodging


You had 7 spell levels left.
You didn't know any spells.
Your spell library was empty.

Dungeon Overview and Level Annotations

Branches:
Dungeon (7/15)             Temple (0/1) D:5

Altars:
Ashenzari
Hepliaklqana
Makhleb
Ru
Yredelemnul
Zin
The Shining One

Annotations:
D:4 2 transporters, Wentworth's ghost, novice VSIE
D:7 3 runed translucent doors, mandoloar's ghost, novice DjCj


Innate Abilities, Weirdness & Mutations

You have a pair of horns on your head.
You reflexively headbutt those who attack you in melee.


Message History

The orc warrior hits you with a +0 glaive!
The gnoll shouts!
You hit the orc warrior.
The orc warrior is lightly wounded.
Something hits you.
A gnoll comes into view. It is wielding a +0 halberd.
You barely miss the orc warrior.
The orc warrior is lightly wounded.
You miss something. Something hits you.
The orc warrior hits you with a +0 glaive.
* * * LOW HITPOINT WARNING * * *
A gnoll comes into view. It is wielding a +0 club.
A gnoll comes into view. It is wielding a +0 spear.
You slice the orc warrior!!
The orc warrior is severely wounded.
The orc warrior hits you with a +0 glaive!
* * * LOW HITPOINT WARNING * * *
Something hits you but does no damage.
The gnoll bouda gazes fiercely through you!
You feel your attacks grow feeble.
Something hits you but does no damage. x2
Something hits you but does no damage.
You feel a strong urge to attack something.
The gnoll bouda gazes fiercely through you!
You feel as though you will be weak longer.
Something completely misses you.
You feel your anger nearly subside.
You are no longer berserk.
You are exhausted.
You feel yourself slow down. Something hits you!
* * * LOW HITPOINT WARNING * * *
Something hits you!
* * * LOW HITPOINT WARNING * * *
Something hits you but does no damage. Something hits you.
* * * LOW HITPOINT WARNING * * *
There is a large open door here.
Something hits you but does no damage.
The gnoll bouda gazes fiercely through you!
You feel as though you will be weak longer.
The orc warrior hits you from afar with a +0 glaive!
You die...

#.......≈.... .=...#
#.......≈...# .......##
#.......≈≈≈+# ............##
#.....#.....# )............#
#.....#...#_# .............#
#.....#...### ..♣g.♣....g..####
#.....#...#.#
..g≈≈$..g....'..#########.....#
...≈≈?..gg.g.'@...........###+#
..♣..♣......o###.......!..#...#
.............# #..[.......#....
((...........# #.........####..
............## ########...#....
...........## #.......#....
..........## #............
........?## #.[..........
........## #.....)......


You could see an orc warrior, a gnoll bouda and 4 gnolls.

Vanquished Creatures
  Grinder (D:5)
  Prince Ribbit (D:6)
  A steam dragon (D:7)
  A water moccasin (D:4)
  An ice beast (D:5)
  A kobold brigand (D:6)
  A scorpion (D:6)
  A necrophage (D:6)
  4 hounds
  3 jellies
  An orc priest (D:7)
  Ijyb (D:3)
  Natasha (thrice) (D:2)
  5 iguanas
  2 orc wizards (D:5)
  12 gnolls
  7 adders
  2 white imps
  An ufetubus (D:5)
  3 worms
  2 dart slugs (D:1)
  7 orcs
  6 endoplasms
  13 giant cockroaches
  5 goblins
  12 hobgoblins
  2 jackals (D:5)
  A quokka (D:3)
  7 ball pythons
  7 bats
  5 frilled lizards
  12 kobolds
  4 rats
135 creatures vanquished.

Vanquished Creatures (others)
  2 fungi (D:7)
  3 plants
5 creatures vanquished.

Grand Total: 140 creatures vanquished

Notes
Turn   | Place    | Note
-------+----------+-------------------------------------------
     0 | D:1      | cheesebisquit the Minotaur Berserker began the quest for
                  | the Orb.
     0 | D:1      | Reached XP level 1. HP: 19/19 MP: 0/0
   242 | D:1      | Reached XP level 2. HP: 26/27 MP: 1/1
   305 | D:1      | Reached skill level 4 in Axes
   823 | D:2      | Reached XP level 3. HP: 33/33 MP: 2/2
   825 | D:2      | Reached skill level 5 in Axes
   960 | D:2      | Reached ** piety under Trog
   985 | D:2      | Reached XP level 4. HP: 38/40 MP: 3/3
  1680 | D:2      | Noticed Natasha
  1688 | D:2      | Killed Natasha
  1689 | D:2      | Reached skill level 6 in Axes
  1806 | D:2      | Noticed Natasha
  1815 | D:2      | Killed Natasha
  1816 | D:2      | Reached XP level 5. HP: 37/46 MP: 4/4
  1896 | D:2      | Noticed Natasha
  1906 | D:2      | Killed Natasha
  2136 | D:3      | Found a broken altar of Ashenzari.
  2137 | D:3      | Noticed Ijyb
  2140 | D:3      | Paralysed by Ijyb for 3 turns
  2149 | D:3      | Killed Ijyb
  2150 | D:3      | Reached skill level 7 in Axes
  2193 | D:3      | Found a burning altar of Makhleb.
  2861 | D:4      | Noticed Wentworth's ghost (novice VSIE)
  2872 | D:4      | Found a transporter.
  2879 | D:4      | Reached *** piety under Trog
  3039 | D:4      | Noticed a water moccasin
  3047 | D:4      | Killed a water moccasin
  3048 | D:4      | Reached skill level 8 in Axes
  3048 | D:4      | Reached XP level 6. HP: 52/52 MP: 5/5
  3168 | D:4      | Reached skill level 9 in Axes
  3313 | D:4      | Reached XP level 7. HP: 51/58 MP: 6/6
  3364 | D:4      | Found a hazy altar of Hepliaklqana.
  3365 | D:4      | Found a glowing silver altar of Zin.
  3370 | D:4      | Found a transporter.
  3747 | D:5      | Entered Level 5 of the Dungeon
  3862 | D:5      | Found a staircase to the Ecumenical Temple.
  4175 | D:5      | Found a basalt altar of Yredelemnul.
  4186 | D:5      | Reached skill level 10 in Axes
  4601 | D:5      | Noticed Grinder
  4610 | D:5      | Killed Grinder
  4611 | D:5      | Reached skill level 11 in Axes
  4946 | D:6      | Reached XP level 8. HP: 63/66 MP: 7/7
  4963 | D:6      | Noticed Prince Ribbit
  4977 | D:6      | Killed Prince Ribbit
  4978 | D:6      | Reached skill level 12 in Axes
  5586 | D:7      | Identified the +9 long sword of War {holy, rPois Str+2
                  | Int+5 Dex+4}
  5658 | D:7      | Reached skill level 13 in Axes
  5768 | D:7      | Found a sacrificial altar of Ru.
  5859 | D:7      | Found a glowing golden altar of the Shining One.
  5888 | D:7      | Found a runed translucent gate.
  5888 | D:7      | Found a runed translucent gate.
  5888 | D:7      | Found a runed translucent gate.
  5891 | D:7      | Noticed mandoloar's ghost (novice DjCj)
  5938 | D:7      | HP: 2/66 [something (8)]
  5940 | D:7      | Mangled by an orc warrior

Illustrated notes

Levels and vault maps discovered:
D:1:      spicycebolla_arrival_ecumenical, layout_basic
D:2:      layout_basic, uniq_natasha
D:3:      minmay_roachtagon, layout_loops_ring, cheibrodos_ashenzari_chains,
          mainiacjoe_overflow_concentric_impassable, guppyfry_early_lair_pool,
          uniq_ijyb
D:4:      layout_basic, chequers_temple_overflow_statue_of_worship,
          gammafunk_ghost_stat_death
D:5:      layout_loops_corners, mainiacjoe_overflow_tiny_flanked,
          minmay_temple_entry_statues_fountains, uniq_grinder
D:6:      layout_loops_ring, uniq_prince_ribbit1
D:7:      kennysheep_big_flooded_room, layout_basic, hangedman_ru_absence,
          tso_altar, gammafunk_ghost_nasty_kobolds

Skill      XL: |  1  2  3  4  5  6  7  8 |
---------------+-------------------------+-----
Axes           | 4 5 6 8 9 11 13 | 13.5
Fighting       | |  3.8
Armour         | |  2.7
Dodging        | |  2.4

Action                   |  1- 3 |  4- 6 |  7- 9 || total
-------------------------+-------+-------+-------++-------
Melee: Hand axe          |    62 |   129 |       ||   191
       Headbutt          |     5 |    17 |    12 ||    34
       Punch             |       |     3 |     2 ||     5
       War axe           |       |    13 |   113 ||   126
Invok: Berserk           |     1 |     4 |     6 ||    11
       Trog's Hand       |       |     2 |     7 ||     9
  Use: Scroll            |       |     8 |     2 ||    10
Armor: Chain mail        |    37 |    62 |       ||    99
       Plate armour      |       |    18 |    69 ||    87
Dodge: Dodged            |    27 |    54 |    43 ||   124
